 Dungeon Crawl Stone Soup version 0.32-a0-960-g3814254bd7 (webtiles) character file.

Game seed: 11778386344081193165

40089 Brisketman the Warrior (level 13, -12/126 HPs)
             Began as a Mountain Dwarf Fighter on Feb 29, 2024.
             Was a High Priest of Wu Jian.
             Killed from afar by an oklob plant (28 damage)
             ... with a splash of acid
             ... on level 3 of the Lair of Beasts on Apr 17, 2024.
             The game lasted 00:40:21 (16531 turns).

Brisketman the Warrior (Mountain Dwarf Fighter)    Turns: 16531, Time: 00:40:22

Health: -12/126    AC:  3    Str: 24    XL:     13   Next: 72%
Magic:  13/13      EV: 26    Int: 12    God:    Wu Jian [*****.]
Gold:   382        SH: 17    Dex: 15    Spells: 12/12 levels left

rFire   . . .        b - +8 whip of Popular Demand {drain, Fly rElec rN+ SInv}
rCold   . . .        q - +0 tower shield
rNeg    + + +        y - +3 chain mail
rPois   .            l - +0 helmet
rElec   +            G - +3 cloak of Green Lucidity {Int+3 Slay+4}
rCorr   .            H - +0 pair of gloves
SInv    +            (no boots)
Will    +....        v - amulet "Hucif" {Acrobat rElec rN+++ Slay+4 Stlth-} Stlth
                     g - +5 ring of evasion
HPRegen 0.41/turn    D - +6 ring of dexterity
MPRegen 0.13/turn

%: acrobat
@: corroded, acrobatic, flying
A: runic magic, artefact enchanting
a: Renounce Religion, Wall Jump, Serpent's Lash, Heavenly Storm


You were on level 3 of the Lair of Beasts.
You worshipped Wu Jian.
Wu Jian was extremely pleased with you.
You visited 2 branches of the dungeon, and saw 17 of its levels.
You also visited: Ice Cave.

You collected 1132 gold pieces.
You spent 750 gold pieces at shops.

Inventory:

Hand Weapons
 b - the +8 whip of Popular Demand (weapon) {drain, Fly rElec rN+ SInv}
   (You found it on level 5 of the Dungeon)

   rElec:     It insulates you from electricity.
   rN+:       It protects you from negative energy.
   SInv:      It lets you see invisible.
   Fly:       It grants you flight.
 m - a +1 morningstar of protection
 B - a +3 flail
Missiles
 a - a throwing net (quivered)
Armour
 l - a +0 helmet (worn)
 q - a +0 tower shield (worn)
 y - a +3 chain mail (worn)
 G - the +3 cloak of Green Lucidity (worn) {Int+3 Slay+4}
   (You bought it in a shop on level 9 of the Dungeon)

   Int+3:     It affects your intelligence (+3).
   Slay+4:    It affects your accuracy & damage with ranged weapons and melee
   (+4).
 H - a +0 pair of gloves (worn)
Jewellery
 g - a +5 ring of evasion (left hand)
 v - the amulet "Hucif" (around neck) {Acrobat rElec rN+++ Slay+4 Stlth-}
   (You found it on level 7 of the Dungeon)

   [amulet of the acrobat]

   Acrobat:   It increases your evasion while moving and waiting.
   Slay+4:    It affects your accuracy & damage with ranged weapons and melee
   (+4).
   rElec:     It insulates you from electricity.
   rN+++:     It renders you almost immune to negative energy.
   Stlth-:    It makes you less stealthy.
 A - a ring of protection from fire
 D - a +6 ring of dexterity (right hand)
 F - a ring of see invisible
 L - a +6 ring of intelligence
Talismans
 r - a blade talisman
Wands
 c - a wand of flame (13)
 i - a wand of mindburst (4)
 k - a wand of paralysis (12)
 n - a wand of acid (24)
 w - a wand of polymorph (24)
Scrolls
 h - 5 scrolls of teleportation
 j - a scroll of vulnerability
 p - a scroll of amnesia
 C - 2 scrolls of silence
 K - a scroll of fog
Potions
 d - 5 potions of might
 e - 7 potions of lignification
 f - 11 potions of curing
 o - 4 potions of ambrosia
 s - 2 potions of mutation
 t - 2 potions of magic
 u - 3 potions of cancellation
 x - 2 potions of enlightenment
 z - 6 potions of heal wounds
 E - 2 potions of brilliance
 J - a potion of berserk rage {unknown}


   Skills:
 - Level 15.0 Fighting
 - Level 14.4 Maces & Flails
 + Level 13.0 Armour
 - Level 12.7 Shields


You had 12 spell levels left.
You didn't know any spells.
Your spell library contained the following spells:

 Spells                   Type           Power      Damage    Failure   Level
 Apportation              Tloc           0%         N/A       78%         1
 Kiss of Death            Conj/Necr      0%         2d5       78%         1
 Necrotise                Necr           0%         1d4       78%         1
 Sting                    Conj/Alch      0%         1d3       78%         1
 Summon Small Mammal      Summ           0%         N/A       78%         1
 Mercury Vapours          Alch/Air       0%         N/A       89%         2
 Call Canine Familiar     Summ           0%         N/A       98%         3
 Confusing Touch          Hex            0%         N/A       98%         3
 Summon Ice Beast         Ice/Summ       0%         N/A       98%         3
 Tukima's Dance           Hex            0%         N/A       98%         3
 Animate Dead             Necr           0%         N/A       100%        4
 Dispel Undead            Necr           0%         3d6       100%        4
 Olgreb's Toxic Radiance  Alch           0%         N/A       100%        4
 Passage of Golubria      Tloc           0%         N/A       100%        4
 Summon Blazeheart Golem  Fire/Summ      0%         N/A       100%        4
 Iskenderun's Battlesphe  Conj           0%         2d6       100%        5
 Summon Mana Viper        Hex/Summ       0%         N/A       100%        5
 Yara's Violent Unravell  Hex/Alch       0%         3d3       100%        5
 Bombard                  Conj/Erth      0%         9d1       100%        6
 Haunt                    Necr/Summ      0%         N/A       100%        7
 Monstrous Menagerie      Summ           0%         N/A       100%        7
 Spellforged Servitor     Conj/Summ      0%         N/A       100%        7
 Infestation              Necr           0%         N/A       100%        8


Dungeon Overview and Level Annotations

Branches:
Dungeon (14/15)            Temple (0/1) D:4            Lair (3/5) D:10
  Swamp (0/4) Lair:3        Snake (0/4) Lair:2          Orc (0/2) D:12
 Vaults (0/5) D:13          IceCv (visited)

Altars:
Cheibriados
Kikubaaqudgha
Okawaru
Sif Muna
Uskayaw
Vehumet
Wu Jian
Xom

Shops:
D:6 *   D:9 [

Annotations:
Lair:3 exclusion: 4 oklob plants


Innate Abilities, Weirdness & Mutations

Your spellcasting is much less encumbered by armour.
You can use scrolls of enchantment on lesser artefacts.


Message History

Press: ? - help, Shift-Dir - straight line, f - oklob plant
Aim: an oklob plant (100% to hit)
The bolt of acid hits the oklob plant.
The oklob plant completely resists.
The oklob plant spits acid at you. The splash of acid hits you!
The acid corrodes you! The oklob plant spits acid at you.
The splash of acid hits you! The acid corrodes you!
Press: ? - help, v - describe, . - travel
Here: an oklob plant The floor.
Okay, then.
Okay, then.
Press: ? - help, v - describe, . - travel
Here: an oklob plant The floor.
Okay, then.
Aiming: Throw Flame
Press: ? - help, Shift-Dir - straight line, f/p - oklob plant
Aim: an oklob plant (100% to hit)
The puff of flame hits the oklob plant.
The oklob plant is lightly damaged.
The oklob plant spits acid at you. You block the splash of acid.
Aiming: Throw Flame
Press: ? - help, Shift-Dir - straight line, f/p - oklob plant
Aim: an oklob plant (lightly damaged, 100% to hit)
The puff of flame hits the oklob plant.
The oklob plant is lightly damaged.
The oklob plant spits acid at you. The splash of acid hits you!!
The acid corrodes you! The oklob plant spits acid at you.
The splash of acid hits you!! The acid corrodes you!
The oklob plant spits acid at you. The splash of acid hits you!!
The acid corrodes you! The oklob plant spits acid at you.
The splash of acid hits you!!
* * * LOW HITPOINT WARNING * * *
The oklob plant spits acid at you. The splash of acid hits you!!
You die...

................#....~~~~,,,,*
.....#.....P#....#..~~~~~~,,**
÷...##..#.####......~P~P~~,,,*
....#..#.<.###......~.P~P~,,**
.....####.#÷#..=....~~PPP~,,*
.....#.##...........~§.~~~,,***
......##........#....~~~~,,,,,*
.............#P.##....~~.,,,,**
<.....÷.........@.....?..,,,,,*
..P......##.........$....,,,,,*
..........#......##......,,,,**
.#........###..^.###..(..**,,*
###.).P...###.#.####.....,,,,*
##...###### ##### **...),,,,**
....## *,##.,,,*,* #.###
***,,,***** ### **,**


You could see 3 oklob plants.

Vanquished Creatures
  Snorg (Lair:3)
  Josephine (D:11)
  A yaktaur captain (D:13)
  3 hydras
  2 two-headed ogres (D:12)
  3 boulder beetles
  4 skeletal warriors (D:13)
  A deep elf pyromancer (D:12)
  3 cyclopes
  3 manticores
  4 black mambas
  8 elephants
  A rime drake (Lair:3)
  3 cane toads
  An unseen horror (D:10)
  Maggie (D:7)
  2 kobold demonologists (D:11)
  2 yaktaurs (D:13)
  6 komodo dragons
  2 ice devils (Lair:3)
  A freezing wraith (IceCv)
  3 trolls
  9 blink frogs
  3 slime creatures (D:12)
  2 ynoxinuls (D:10)
  3 shadows
  5 wraiths
  26 yaks
  6 wyverns
  2 basilisks
  4 vampire mosquitoes (D:10)
  2 steam dragons
  A death yak simulacrum (IceCv)
  2 swamp worms (Lair:3)
  4 nagas (Lair:2)
  10 water moccasins
  3 acid dragons
  3 orc warriors
  2 ice beasts
  A sky beast (D:5)
  10 black bears
  3 ogres
  10 wolves (Lair:2)
  10 centaurs
  A phantom (D:7)
  A kobold brigand (D:8)
  18 bullfrogs
  5 scorpions
  A cane toad simulacrum (IceCv)
  9 wights (D:9)
  13 killer bees
  2 vampire bats (D:3)
  2 electric eels
  7 howler monkeys
  4 bombardier beetles
  4 hounds
  7 orc priests
  2 sleepcaps
  2 jellies
  2 iguanas
  2 polar bear simulacra (IceCv)
  9 orc wizards
  A wolf simulacrum (IceCv)
  Robin (D:4)
  11 adders
  5 gnolls (D:4)
  A river rat (D:10)
  A shadow imp (D:6)
  2 white imps
  10 ufetubi (D:10)
  7 ribbon worms
  21 orcs
  4 bat skeletons (D:3)
  2 bat zombies (D:3)
  11 endoplasms
  A giant cockroach (D:1)
  15 goblins
  11 hobgoblins
  2 jackals (D:2)
  5 quokkas
  9 ball pythons
  7 bats
  2 frilled lizards
  10 kobolds
  7 rats
414 creatures vanquished.

Notes
Turn   | Place    | Note
-------+----------+-------------------------------------------
     0 | D:1      | Brisketman the Mountain Dwarf Fighter began the quest for
                  | the Orb.
     0 | D:1      | Reached XP level 1. HP: 19/19 MP: 1/1
   200 | D:1      | Reached XP level 2. HP: 26/26 MP: 2/2
   798 | D:2      | Found an ornate altar of the Wu Jian Council.
   810 | D:2      | Became a worshipper of the Wu Jian Council
   963 | D:2      | Reached XP level 3. HP: 31/31 MP: 3/3
  1203 | D:2      | You fall into a shaft and drop 2 floors!
  1225 | D:4      | Found a staircase to the Ecumenical Temple.
  1332 | D:2      | Reached * piety under Wu Jian
  1432 | D:2      | Reached XP level 4. HP: 38/38 MP: 4/4
  1787 | D:3      | Reached skill level 5 in Maces & Flails
  2035 | D:3      | Reached XP level 5. HP: 37/45 MP: 5/5
  2204 | D:3      | Identified a scroll of acquirement
  2204 | D:3      | Acquired a +0 morningstar of protection
  2205 | D:3      | Found an ancient bone altar of Kikubaaqudgha.
  2296 | D:3      | Reached XP level 6. HP: 51/51 MP: 6/6
  2491 | D:3      | Reached ** piety under Wu Jian
  3038 | D:4      | Noticed Robin
  3046 | D:4      | Killed Robin
  3047 | D:4      | Reached XP level 7. HP: 52/57 MP: 7/7
  3630 | D:5      | Entered Level 5 of the Dungeon
  3660 | D:5      | Reached skill level 5 in Shields
  3677 | D:5      | Found a shimmering blue altar of Sif Muna.
  4094 | D:5      | Reached skill level 10 in Maces & Flails
  4094 | D:5      | Reached XP level 8. HP: 63/63 MP: 8/8
  4215 | D:5      | Identified the +7 whip of Popular Demand {drain, Fly rElec
                  | rN+ SInv}
  4315 | D:5      | Found an iron altar of Okawaru.
  4574 | D:5      | Found a hide-covered altar of Uskayaw.
  4753 | D:6      | Reached *** piety under Wu Jian
  5187 | D:6      | Found Wudif's General Store.
  5195 | D:6      | Bought a scroll of identify for 28 gold pieces
  5195 | D:6      | Bought a scroll of identify for 28 gold pieces
  5268 | D:6      | Reached XP level 9. HP: 64/70 MP: 9/9
  5444 | D:7      | Noticed Maggie
  5458 | D:7      | Killed Maggie
  5545 | D:7      | Identified the amulet "Hucif" {Acrobat rElec rN+++ Slay+4
                  | Stlth-}
  6941 | D:8      | Reached **** piety under Wu Jian
  6988 | D:8      | Found a snail-covered altar of Cheibriados.
  7037 | D:8      | Reached XP level 10. HP: 70/77 MP: 10/10
  7332 | D:9      | Reached skill level 4 in Fighting
  7438 | D:9      | Reached skill level 5 in Fighting
  7541 | D:9      | Reached skill level 6 in Fighting
  7541 | D:9      | Reached skill level 10 in Shields
  8035 | D:9      | Found Vaogixt Muju's Armour Shoppe.
  8394 | D:10     | Entered Level 10 of the Dungeon
  8409 | D:10     | Reached skill level 7 in Fighting
  8612 | D:10     | Found a staircase to the Lair.
  8635 | D:10     | Reached skill level 8 in Fighting
  8672 | D:10     | Identified the +4 quarterstaff "Riure Bup" {flame, rN+
                  | Will+ Str-2 Int+3}
  8754 | D:10     | Reached XP level 11. HP: 81/95 MP: 11/11
  8763 | D:10     | Reached ***** piety under Wu Jian
  8816 | D:10     | Reached skill level 9 in Fighting
  9646 | D:11     | Reached skill level 10 in Fighting
  9662 | D:11     | Noticed Josephine
  9693 | D:11     | Killed Josephine
  9894 | D:11     | Reached skill level 11 in Fighting
 10367 | D:12     | Noticed a two-headed ogre
 10476 | D:12     | Noticed a deep elf pyromancer
 10516 | D:12     | Killed a deep elf pyromancer
 10552 | D:12     | Found a staircase to the Orcish Mines.
 10786 | D:12     | Killed a two-headed ogre
 10850 | D:12     | Reached skill level 12 in Fighting
 10888 | D:12     | Noticed a two-headed ogre
 10903 | D:12     | Reached XP level 12. HP: 63/113 MP: 12/12
 11071 | D:12     | Noticed a boulder beetle
 11086 | D:12     | Killed a boulder beetle
 11214 | D:12     | Killed a two-headed ogre
 11316 | D:12     | Found a radiant altar of Vehumet.
 11317 | D:12     | Noticed a boulder beetle
 11457 | D:9      | Bought the +3 cloak of Green Lucidity {Int+3 Slay+4} for
                  | 694 gold pieces
 11655 | D:12     | Killed a boulder beetle
 11656 | D:12     | Reached skill level 13 in Fighting
 12236 | D:13     | Found a shimmering altar of Xom.
 12287 | D:13     | Found a gate to the Vaults.
 12287 | D:13     | Noticed a yaktaur captain
 12314 | D:13     | Killed a yaktaur captain
 12414 | D:13     | Noticed a boulder beetle
 12438 | D:13     | Killed a boulder beetle
 12439 | D:13     | Reached skill level 5 in Armour
 12874 | D:13     | Reached skill level 14 in Fighting
 13226 | D:14     | Noticed a seven-headed hydra
 13329 | Lair:1   | Entered Level 1 of the Lair of Beasts
 13497 | Lair:1   | Noticed a four-headed hydra
 13507 | Lair:1   | Killed a four-headed hydra
 14000 | Lair:1   | Reached skill level 15 in Fighting
 14284 | Lair:1   | Upgraded the game from 0.32-a0-558-g233958a4c4 to
                  | 0.32-a0-960-g3814254bd7
 14447 | Lair:2   | Reached XP level 13. HP: 116/126 MP: 13/13
 14934 | Lair:2   | Found a staircase to the Snake Pit.
 15440 | Lair:2   | Reached skill level 10 in Armour
 15684 | Lair:3   | Noticed Snorg
 15698 | Lair:3   | Killed Snorg
 15789 | Lair:3   | Found a frozen archway.
 15835 | IceCv    | Entered an ice cave
 15855 | IceCv    | Found a transporter.
 15862 | IceCv    | Found a transporter.
 16288 | Lair:3   | Found a staircase to the Swamp.
 16531 | Lair:3   | Killed from afar by an oklob plant

Illustrated notes

Levels and vault maps discovered:
D:1:      lightli_arrival_statuegarden, layout_loops_cross, roderic_lattice_a,
          st_stairs_1, minmay_crystal_room
D:2:      layout_loops_ring, basic_altar
D:3:      layout_rooms, kennysheep_vampire_church, serial_forest,
          infiniplex_forest_lined_2, infiniplex_forest_lined_2,
          infiniplex_forest_lined_4_way, infiniplex_forest_clump_small,
          infiniplex_forest_end_3, infiniplex_forest_clump_C,
          infiniplex_forest_lined_3
D:4:      layout_gridville, minmay_temple_entry_junction_2, uniq_robin
D:5:      layout_loops_corners, kennysheep_okawaru_gauntlet,
          nicolae_uskayaw_suspiria, kennysheep_mini_moat,
          minmay_misc_feat_pillars, minmay_misc_feat_tiny, nrook_uturn,
          saegor_snake_ambush
D:6:      layout_gridville, serial_shops, nicolae_shop_just_a_little_nook,
          grunt_decor_arrowhead, serial_library_regret_index_small_wings,
          kennysheep_boxes
D:7:      layout_basic, uniq_maggie
D:8:      layout_basic, slow_altar_2, minmay_fractal_squares_gapless_5
D:9:      layout_basic, serial_shops, nicolae_shop_tiny_glass
D:10:     layout_cave_pools, dpeg_lair_monsters, nicolae_fort_ynox
D:11:     layout_irregular_city, uniq_josephine
D:12:     layout_layer_cave, orc_0_dummy, nicolae_vehumet_altar_sigil
D:13:     layout_cave_pods, david_vaults_2, drop_trap,
          regret_index_xom_buried_treasure, fungi_pond_lemuel
D:14:     kennysheep_snake, layout_basic, minivault_11
Lair:1:   layout_concentric_octagons, minivault_24
Lair:2:   layout_cave_pods, minmay_snake_entry_guardpost_small,
          beast_lair_carwin_8, infiniplex_staircase_pool_2
Lair:3:   layout_misc_corridors, palyth_hydra_swamp_entry,
          portal_ice_cave_demonic_guard, dpeg_oklob_1, uniq_snorg

Skill      XL: |  1  2  3  4  5  6  7  8  9 10 11 12 13 |
---------------+----------------------------------------+-----
Shields        | 4 6 7 9 10 12 | 12.7
Maces & Flails | 3 4 6 7 8 10 12 14 | 14.4
Fighting       | 8 12 15 | 15.0
Armour         | 7 13 | 13.0

Action                     |  1- 3 |  4- 6 |  7- 9 | 10-12 | 13-15 || total
---------------------------+-------+-------+-------+-------+-------++-------
  Melee: Flail             |   135 |   126 |       |       |       ||   261
         Morningstar       |       |    66 |   132 |       |       ||   198
         Whip              |       |       |   193 |   688 |   303 ||  1184
 Invoke: Serpent's Lash    |       |       |     1 |     1 |       ||     2
         Heavenly Storm    |       |       |       |       |     1 ||     1
Ability: Lunge             |     9 |    22 |    32 |    50 |    12 ||   125
         Whirlwind         |       |     6 |     5 |    34 |     5 ||    50
         Wall Jump         |       |       |       |     3 |       ||     3
  Evoke: Wand              |       |       |       |       |     3 ||     3
    Use: Scroll            |     4 |     8 |     7 |    12 |     5 ||    36
         Potion            |       |       |       |     3 |       ||     3
 Armour: Scale mail        |    97 |   126 |    59 |       |       ||   282
         Chain mail        |       |       |    73 |   253 |   115 ||   441
  Dodge: Dodged            |    49 |   186 |   146 |   258 |    75 ||   714
  Block: Buckler           |    31 |    72 |    62 |   103 |       ||   268
         Tower shield      |       |       |       |   133 |   229 ||   362

Table legend: (Time is in decaauts)
 A = Elapsed time spent in this place.
 B = Non-inter-level travel time spent in this place.
 C = Inter-level travel time spent in this place.
 D = Time resting spent in this place.
 E = Time spent auto-exploring this place.
 F = Levels seen in this place.
 G = Mean time per level.
                   A        B        C        D        E       F      G
               +--------+--------+--------+--------+--------+-----+--------+
         Total |  16218 |  15494 |    724 |    928 |  11327 |  18 |  901.0 |
       Dungeon |  13133 |  12453 |    680 |    803 |   9065 |  14 |  938.1 |
          Lair |   2915 |   2872 |     43 |      0 |   2262 |   3 |  971.7 |
      Ice Cave |    169 |    169 |      0 |    125 |      0 |   1 |  169.0 |
               +--------+--------+--------+--------+--------+-----+--------+

Top non-repeatable levels by time:
    D:13: 1335 daAuts
    D:12: 1264 daAuts
     D:9: 1250 daAuts
  Lair:2: 1240 daAuts
     D:4: 1152 daAuts
    D:10: 1048 daAuts
    D:11: 989 daAuts
     D:5: 979 daAuts
  Lair:1: 951 daAuts
     D:2: 929 daAuts
     D:8: 867 daAuts
     D:7: 862 daAuts
     D:3: 810 daAuts
     D:6: 809 daAuts
     D:1: 801 daAuts
